 Dungeon Crawl Stone Soup version 0.25.1-2-g60ff931df9 (webtiles) character file.

Game seed: 1028192703997617682

85841 hawla the Eclecticist (level 15, -1/165 HPs)
             Began as a Green Draconian Conjurer on Nov 24, 2020.
             Was the Champion of Vehumet.
             Shot with an arrow by a centaur warrior (6 damage)
             ... on level 15 of the Dungeon on Nov 25, 2020.
             The game lasted 02:38:45 (40359 turns).

hawla the Eclecticist (Green Draconian Conjurer)   Turns: 40359, Time: 02:38:45

Health: -1/165     AC: 27    Str: 11 (13) XL:     15   Next: 39%
Magic:  29/35      EV:  2    Int: 21 (23) God:    Vehumet [******]
Gold:   556        SH:  0    Dex: 16 (17) Spells: 8/47 levels left

rFire    + + +     SeeInvis +   G - staff of conjuration
rCold    + . .     Gourm    .   (no shield)
rNeg     + + +     Faith    .   (armour unavailable)
rPois    +         Spirit   .   (helmet currently unavailable)
rElec    +         Reflect  .   (cloak currently unavailable)
rCorr    +         Harm     .   (gloves currently unavailable)
MR       +....     Clarity  +   (boots currently unavailable) Stlth +++.......NoTele +
                                (no amulet)
HPRegen  0.37/turn              O - ring of Dogoxoa {rF++ Str+3 Dex+6}
MPRegen  0.24/turn              m - ring of see invisible

@: tree-form, resistant, slowed, very slow
A: (breathe noxious fumes), unfitting armour, clarity, deterioration 1, sense
surroundings 1, AC +9
a: Renounce Religion


You were on level 15 of the Dungeon.
You worshipped Vehumet.
Vehumet was exalted by your worship.
You were not hungry.
You were a tree.
You visited 4 branches of the dungeon, and saw 24 of its levels.

You collected 2488 gold pieces.
You spent 1932 gold pieces at shops.

Inventory:

Hand Weapons
 c - a +0 quarterstaff
Missiles
 p - 39 poisoned darts (quivered)
 D - 38 boomerangs
 J - 3 silver boomerangs
Armour
 f - a scarf of invisibility
 q - a +1 pair of boots (melded)
 s - a +1 hat (melded)
 t - a +0 pair of gloves (melded)
 A - a +2 cloak (melded)
Magical Staves
 G - an uncursed staff of conjuration (weapon)
Jewellery
 i - an uncursed ring of flight
 m - a ring of see invisible (right branch)
 v - an uncursed ring of fire
 F - an uncursed ring of resist corrosion
 O - the ring of Dogoxoa (left branch) {rF++ Str+3 Dex+6}
   (You acquired it on level 4 of the Lair of Beasts)

   [ring of dexterity]

   It affects your strength (+3).
   It affects your dexterity (+6).
   It greatly protects you from fire.
Wands
 l - a wand of flame (10)
 r - a wand of enslavement (1)
 x - a wand of digging (3)
 C - a wand of polymorph (5)
 I - a wand of paralysis (11)
 L - a wand of random effects (17)
Scrolls
 g - 11 scrolls of remove curse
 j - 3 scrolls of enchant armour
 y - 3 scrolls of identify
 z - 3 scrolls of magic mapping
 B - 2 scrolls of enchant weapon
 E - a scroll of teleportation
Potions
 a - 2 potions of might
 d - 5 potions of curing
 e - 6 potions of stabbing
 h - a potion of cancellation
 k - 8 potions of brilliance
 n - a potion of heal wounds
 o - 5 potions of resistance
 u - 2 potions of mutation
 w - 2 potions of flight
 P - 2 potions of haste
Miscellaneous
 H - a box of beasts
 M - a lightning rod (4/4)
Comestibles
 b - 12 rations


   Skills:
 - Level 4.0 Fighting
 - Level 1.2 Throwing
 - Level 4.7 Dodging
 - Level 4.0 Stealth
 * Level 16.7 Spellcasting
 + Level 12.9 Conjurations
 - Level 6.1 Charms
 - Level 8.2 Translocations
 - Level 0.7 Transmutations
 - Level 5.5 Fire Magic
 - Level 2.1 Ice Magic
 + Level 7.2 Earth Magic
 - Level 2.0 Evocations


You had 8 spell levels left.
You knew the following spells:

 Your Spells              Type           Power        Failure   Level  Hunger
a - Magic Dart            Conj           ####         0%          1    None
b - Searing Ray           Conj           ######       0%          2    None
c - Iskenderun's Mystic   Conj/Tloc      #######.     1%          4    None
d - Apportation           Tloc           ######       1%          1    None
e - Iskenderun's Battles  Conj/Chrm      ######..     1%          5    ##.....
f - Bolt of Magma         Conj/Fire/Erth ######....   1%          5    ##.....
g - Iron Shot             Conj/Erth      ######....   2%          6    ####...
h - Frozen Ramparts       Ice            ####..       1%          3    None
i - Irradiate             Conj/Tmut      ######....   1%          5    ##.....
j - Blink                 Tloc           N/A          1%          2    None
k - Fireball              Conj/Fire      ######....   1%          5    ##.....

Your spell library contained the following spells:

 Spells                   Type           Power        Failure   Level  Hunger
 Yara's Violent Unravell  Hex/Tmut       ###.......   21%         5    ##.....
 Freeze                   Ice            ####         1%          1    None
 Infusion                 Chrm           ####         1%          1    None
 Shroud of Golubria       Chrm/Tloc      #####.       1%          2    None
 Song of Slaying          Chrm           #####...     1%          2    None
 Conjure Flame            Conj/Fire      ######..     1%          3    None
 Dazzling Flash           Conj/Hex       ######       1%          3    None
 Mephitic Cloud           Conj/Pois/Air  ######..     1%          3    None
 Ozocubu's Armour         Chrm/Ice       #####...     1%          3    None
 Fulminant Prism          Conj/Hex       ######....   1%          4    None
 Hailstorm                Conj/Ice       ######..     1%          4    None
 Spectral Weapon          Hex/Chrm       ####....     2%          3    None
 Animate Skeleton         Necr           N/A          3%          1    None
 Corona                   Hex            ###....      3%          1    None
 Summon Butterflies       Summ           ###.....     3%          1    None
 Summon Small Mammal      Summ           ###.         3%          1    None
 Ensorcelled Hibernation  Hex/Ice        ###...       3%          2    None
 Orb of Destruction       Conj           #######...   3%          7    ######.
 Call Imp                 Summ           ###.....     4%          2    None
 Poisonous Vapours        Pois/Air       ###...       4%          2    None
 Slow                     Hex            ###.....     4%          2    None
 Call Canine Familiar     Summ           ###.....     10%         3    None
 Confusing Touch          Hex            ###.....     10%         3    None
 Summon Guardian Golem    Hex/Summ       ###.....     10%         3    None
 Tukima's Dance           Hex            ###.....     10%         3    None
 Freezing Cloud           Conj/Ice/Air   ######....   17%         6    ####...
 Summon Ice Beast         Ice/Summ       ###.....     21%         4    None
 Summon Lightning Spire   Summ/Air       ###.....     32%         4    None
 Spellforged Servitor     Conj/Summ      ######....   41%         7    ######.
 Summon Mana Viper        Hex/Summ       ###.....     65%         5    ##.....
 Ring of Flames           Chrm/Fire      #####.....   94%         7    ######.
 Summon Hydra             Summ           ###.......   100%        7    ######.


Dungeon Overview and Level Annotations

Branches:
Dungeon (15/15)            Temple (1/1) D:6            Lair (6/6) D:8
  Swamp (0/4) Lair:2        Snake (0/4) Lair:3        Slime (0/5) Lair:6
    Orc (2/2) D:10            Elf (0/3) Orc:2        Vaults (0/5) D:13
 Depths: D:15

Altars:
Ashenzari
Cheibriados
Dithmenos
Elyvilon
Fedhas
Gozag
Hepliaklqana
Kikubaaqudgha
Makhleb
Nemelex Xobeh
Okawaru
Qazlal
Ru
Sif Muna
Trog
Uskayaw
Vehumet
Wu Jian
Xom
Yredelemnul
Zin
The Shining One
Beogh
Jiyva

Shops:
D:8 :   D:11 (   D:14 :[[(*   Orc:1 !:   Orc:2 [(*:


Innate Abilities, Weirdness & Mutations

((You can breathe blasts of noxious fumes.))
((Your lurid green scales are hard. (AC +9)))
You cannot fit into any form of body armour.
((Your tail ends in a poisonous barb.))
((Your system is resistant to poisons. (rPois)))
((You are cold-blooded and may be slowed by cold attacks.))
You possess an exceptional clarity of mind.
Your body sometimes deteriorates upon taking damage.
You passively map a small area around you.


Message History

The arrow freezes you.
* * * LOW HITPOINT WARNING * * *
The centaur warrior shoots an arrow.
The arrow hits you!
* * * LOW HITPOINT WARNING * * *
The arrow freezes you.
* * * LOW HITPOINT WARNING * * *
Casting: Searing Ray (safe; 0% risk of failure)
Confirm with . or Enter, or press ? or * to list all spells.
Aiming: Iron Shot (mildly dangerous; 2% risk of failure)
Press: ? - help, Shift-Dir - straight line, f/p - centaur warrior
Aim: a centaur warrior, wielding a +2 shortbow of freezing and quivering 11 arrows You feel a surge of power!
The iron shot hits the centaur warrior!!
The centaur warrior is heavily wounded.
The centaur warrior shoots an arrow.
The arrow hits you!
* * * LOW HITPOINT WARNING * * *
The arrow freezes you.
* * * LOW HITPOINT WARNING * * *
The centaur warrior shoots an arrow.
The arrow hits you.
You die...

#...........#, ,, ,
#...........# , ##.......#### ,
* #.......# , , . ,, +
#....(..#######'#### #
#...................#####
#.....................c..
#<.....(..^..............
#......(♣.......(........
.....$...###..................§
.........+,#'#'###..####'####§§
*.........#....c.. .# ,≈ #§§
.........#.....<.# ,# * , #§§
*.#+#.....#.......# * , #§c *
#.....#.......# , , #§§ ,
#.....#......!# , #.. + #..


You could see a centaur warrior.

Vanquished Creatures
  Frances (D:12)
  Kirke (D:13)
  An orc warlord (Orc:2)
  2 stone giants (Orc:2)
  The ghost of Cheops the Severer, a journeyman HOFi of Uskayaw (Orc:1)
  Snorg (Orc:1)
  Josephine (Lair:4)
  Erolcha (D:12)
  A fire dragon (Lair:6)
  8 hydras
  A vault guard (D:13)
  A centaur warrior (D:13)
  Erica (Orc:1)
  9 two-headed ogres
  A catoblepas (D:12)
  2 orc high priests (Orc:2)
  Nergalle (D:12)
  An unseen horror (D:11)
  A lindwurm (Lair:6)
  7 ugly things
  4 oklob plants (Lair:3)
  7 orc knights
  A necromancer (D:13)
  2 orc sorcerers (Orc:2)
  A deep elf mage (D:13)
  3 cyclopes
  Maurice (Orc:2)
  5 elephants (Lair:4)
  11 black mambas
  3 molten gargoyles (Lair:6)
  Psyche (D:12)
  9 spiny frogs
  3 kobold demonologists
  4 rime drakes
  A yaktaur (D:15)
  10 komodo dragons
  Maggie (Lair:1)
  9 trolls
  7 hippogriffs
  6 blink frogs
  4 slime creatures (D:15)
  A spriggan (shapeshifter) (D:13)
  A shadow (D:14)
  Sigmund (D:3)
  8 wyverns
  39 yaks
  8 wraiths
  3 basilisks
  6 hogs
  A human (D:7)
  2 steam dragons (Lair:6)
  4 vampire mosquitoes (D:12)
  4 wargs
  4 hungry ghosts
  Menkaure (D:7)
  A soldier ant (D:13)
  An acid dragon (D:11)
  3 hell hounds (Lair:6)
  2 two-headed ogre zombies (D:10)
  A floating eye (Lair:3)
  18 water moccasins
  8 porcupines
  33 orc warriors
  3 sky beasts
  2 eyes of draining
  2 ice beasts
  A black bear (D:8)
  A sky beast (shapeshifter) (D:13)
  2 phantoms
  2 necrophages (D:8)
  9 wolves
  15 ogres
  6 centaurs
  12 crocodiles
  An elf zombie (D:8)
  Blork the orc (D:5)
  A big kobold (D:12)
  A gnoll sergeant (Orc:2)
  16 bullfrogs
  2 troll zombies (D:10)
  4 killer bees (D:10)
  2 scorpions
  15 wights
  5 howler monkeys
  5 lava snakes (Lair:6)
  4 crimson imps
  2 quasits
  2 jellies
  A bullfrog zombie (D:11)
  3 centaur zombies
  3 hounds
  4 human zombies (D:8)
  15 orc priests
  7 centaur skeletons
  4 iguanas
  A human skeleton (D:8)
  Natasha (twice) (D:3)
  22 orc wizards
  5 worker ants
  A statue (D:4)
  4 yak simulacra (D:13)
  5 polar bear simulacra (D:13)
  2 wolf simulacra (D:13)
  4 ogre zombies (D:10)
  A hound skeleton (D:6)
  2 mummies (D:8)
  3 worker ant zombies
  Robin (D:3)
  4 gnolls (D:6)
  13 adders
  A shadow imp (D:9)
  An ooze (D:7)
  2 adder zombies
  2 worms
  2 dart slugs
  8 leopard geckos
  84 orcs
  2 ball pythons (D:3)
  4 giant cockroaches
  21 goblins
  10 hobgoblins
  11 jackals
  3 quokkas
  8 bats
  3 frilled lizards
  2 goblin skeletons (D:10)
  A goblin zombie (D:10)
  3 hobgoblin zombies (D:10)
  7 kobolds
  2 orc skeletons (D:10)
  17 orc zombies (D:10)
  7 rats
  3 bushes (Lair:3)
  8 fungi
  4 plants
725 creatures vanquished.

Vanquished Creatures (collateral kills)
  A hippogriff (Lair:4)
  A plant (Lair:4)
2 creatures vanquished.

Vanquished Creatures (others)
  5 dream sheep (D:7)
  15 fungi
  11 plants
31 creatures vanquished.

Grand Total: 758 creatures vanquished

Notes
Turn   | Place    | Note
-------+----------+-------------------------------------------
     0 | D:1      | hawla the Draconian Conjurer began the quest for the Orb.
     0 | D:1      | Reached XP level 1. HP: 14/14 MP: 3/3
   342 | D:1      | Reached XP level 2. HP: 18/20 MP: 0/5
   397 | D:1      | Learned a level 2 spell: Searing Ray
   835 | D:1      | Reached skill level 3 in Spellcasting
  1208 | D:1      | Reached XP level 3. HP: 26/26 MP: 4/7
  1611 | D:2      | Reached XP level 4. HP: 33/33 MP: 3/9
  1617 | D:2      | Learned a level 4 spell: Iskenderun's Mystic Blast
  1812 | D:2      | Reached skill level 1 in Translocations
  2395 | D:3      | Noticed Natasha
  2398 | D:3      | Killed Natasha
  2496 | D:3      | Reached XP level 5. HP: 24/38 MP: 2/10
  2726 | D:3      | Noticed a centaur
  2734 | D:3      | Killed a centaur
  3583 | D:3      | Noticed Sigmund
  3593 | D:3      | Killed Sigmund
  3593 | D:3      | Reached skill level 5 in Translocations
  3593 | D:3      | Reached XP level 6. HP: 35/45 MP: 3/11
  3834 | D:3      | Noticed Robin
  3836 | D:3      | Killed Robin
  3953 | D:3      | Noticed Natasha
  3960 | D:3      | Killed Natasha
  4474 | D:4      | Found a white marble altar of Elyvilon.
  4810 | D:4      | Found a sparkling altar of Nemelex Xobeh.
  4846 | D:4      | Your scales start taking on a lurid green colour.
  4846 | D:4      | Reached XP level 7. HP: 50/50 MP: 7/12
  4846 | D:4      | Gained mutation: Your system is resistant to poisons.
                  | (rPois) [Green Draconian growth]
  4923 | D:4      | Found a radiant altar of Vehumet.
  5358 | D:5      | Entered Level 5 of the Dungeon
  5358 | D:5      | Noticed Blork the orc
  5366 | D:5      | Killed Blork the orc
  5366 | D:5      | Reached skill level 4 in Spellcasting
  5496 | D:5      | Found a shattered altar of Ashenzari.
  5533 | D:5      | Reached skill level 5 in Conjurations
  6326 | D:6      | Noticed a +0 hand axe
  6326 | D:6      | Noticed a +0 hand axe
  6327 | D:6      | Found a hide-covered altar of Uskayaw.
  6422 | D:6      | Reached XP level 8. HP: 37/57 MP: 3/15
  6619 | D:6      | Reached skill level 5 in Spellcasting
  6712 | D:6      | Found a staircase to the Ecumenical Temple.
  6736 | Temple   | Entered the Ecumenical Temple
  7523 | D:6      | Found a bloodstained altar of Trog.
  7566 | D:6      | Found a burning altar of Makhleb.
  7884 | D:4      | Became a worshipper of Vehumet
  8234 | D:7      | Noticed Menkaure
  8241 | D:7      | Killed Menkaure
  8241 | D:7      | Reached skill level 6 in Spellcasting
  8897 | D:7      | Reached skill level 1 in Fighting
  8994 | D:7      | Noticed a dream sheep
  8994 | D:7      | Noticed a dream sheep
  8994 | D:7      | Noticed a dream sheep
  8994 | D:7      | Noticed a dream sheep
  8994 | D:7      | Noticed a dream sheep
  8994 | D:7      | Found a shimmering altar of Xom.
  8999 | D:7      | Killed a dream sheep
  8999 | D:7      | Killed a dream sheep
  8999 | D:7      | Killed a dream sheep
  8999 | D:7      | Killed a dream sheep
  9000 | D:7      | Killed a dream sheep
  9121 | D:7      | Reached XP level 9. HP: 52/64 MP: 10/18
  9212 | D:7      | Reached skill level 7 in Spellcasting
  9687 | D:8      | Found a sacrificial altar of Ru.
 10135 | D:8      | Found Yluanili's Book Shoppe.
 10143 | D:8      | Bought a book of Cantrips for 260 gold pieces
 10145 | D:8      | Learned a level 1 spell: Apportation
 10257 | D:8      | Found an ancient bone altar of Kikubaaqudgha.
 10550 | D:8      | Reached * piety under Vehumet
 10550 | D:8      | Offered knowledge of Shock by Vehumet.
 10550 | D:8      | Reached skill level 1 in Throwing
 10846 | D:8      | Found a staircase to the Lair.
 11028 | D:8      | Noticed a two-headed ogre
 11042 | D:8      | Killed a two-headed ogre
 11042 | D:8      | Reached skill level 8 in Spellcasting
 11042 | D:8      | Reached skill level 1 in Evocations
 11042 | D:8      | Reached XP level 10. HP: 36/74 MP: 4/22
 11327 | D:9      | Learned a level 5 spell: Iskenderun's Battlesphere
 11633 | D:9      | Reached skill level 1 in Charms
 12097 | D:10     | Entered Level 10 of the Dungeon
 12469 | D:10     | Reached skill level 5 in Charms
 12606 | D:9      | Learned a level 5 spell: Bolt of Magma
 12868 | D:10     | Reached ** piety under Vehumet
 12875 | D:10     | Offered knowledge of Sandblast by Vehumet.
 13210 | D:10     | Reached skill level 1 in Fire Magic
 13210 | D:10     | Reached skill level 1 in Earth Magic
 13700 | D:10     | Learned a level 6 spell: Iron Shot
 13754 | D:10     | Reached XP level 11. HP: 72/80 MP: 16/23
 13758 | D:10     | Offered knowledge of Frozen Ramparts by Vehumet.
 13906 | D:10     | Found a staircase to the Orcish Mines.
 14505 | D:11     | Found Fuixt's Antique Weapon Boutique.
 14540 | D:11     | Reached *** piety under Vehumet
 14577 | D:11     | Learned a level 3 spell: Frozen Ramparts
 14636 | D:11     | Noticed a two-headed ogre
 14650 | D:11     | Killed a two-headed ogre
 14650 | D:11     | Reached skill level 9 in Spellcasting
 14841 | D:11     | Noticed a two-headed ogre
 14855 | D:11     | Killed a two-headed ogre
 14899 | D:11     | Noticed a two-headed ogre
 15226 | D:11     | Noticed a two-headed ogre
 15233 | D:11     | Killed a two-headed ogre
 15233 | D:11     | Reached skill level 10 in Spellcasting
 15332 | D:11     | Noticed a five-headed hydra
 15378 | D:11     | Offered knowledge of Sticky Flame by Vehumet.
 15674 | D:11     | Learned a level 4 spell: Sticky Flame
 15759 | D:11     | Killed a two-headed ogre
 15759 | D:11     | Reached skill level 11 in Spellcasting
 16047 | D:11     | Killed a five-headed hydra
 16405 | D:11     | Noticed an unseen horror
 16416 | D:11     | Killed an unseen horror
 16616 | D:12     | Reached skill level 10 in Conjurations
 16882 | D:12     | Noticed Erolcha
 16901 | D:12     | Killed Erolcha
 16901 | D:12     | Reached XP level 12. HP: 88/88 MP: 3/27
 17056 | D:12     | Noticed Nergalle
 17064 | D:12     | Killed Nergalle
 17525 | D:12     | Noticed an eight-headed hydra
 17527 | D:12     | Noticed a catoblepas
 17527 | D:12     | an eight-headed hydra changed into a catoblepas
 17951 | D:12     | Noticed a two-headed ogre
 17958 | D:12     | Killed a two-headed ogre
 17958 | D:12     | Reached skill level 5 in Earth Magic
 18044 | D:12     | Noticed Frances
 18070 | D:12     | Learned a level 2 spell: Blink
 18302 | D:12     | Killed a catoblepas
 18580 | Lair:1   | Entered Level 1 of the Lair of Beasts
 18645 | Lair:1   | Noticed Maggie
 18659 | Lair:1   | Killed Maggie
 18804 | Lair:1   | Reached skill level 1 in Ice Magic
 18817 | Lair:1   | Reached **** piety under Vehumet
 18817 | Lair:1   | Reached skill level 12 in Spellcasting
 19142 | Lair:1   | Offered knowledge of Fireball by Vehumet.
 19788 | Lair:1   | Found a shimmering altar of Xom.
 20686 | Lair:2   | Found a staircase to the Swamp.
 21546 | Lair:3   | Identified a scroll of acquirement
 21547 | Lair:3   | Acquired an uncursed staff of conjuration
 21781 | Lair:3   | Reached XP level 13. HP: 94/94 MP: 26/29
 21841 | Lair:3   | Found a staircase to the Snake Pit.
 22231 | Lair:3   | Reached ***** piety under Vehumet
 22449 | Lair:3   | Reached skill level 13 in Spellcasting
 22456 | Lair:3   | Learned a level 5 spell: Fireball
 22609 | Lair:3   | Offered knowledge of Lee's Rapid Deconstruction by Vehumet.
 22755 | Lair:3   | Paralysed by a floating eye for 3 turns
 23656 | Lair:4   | Noticed Josephine
 24819 | Lair:4   | Killed Josephine
 25525 | Lair:4   | Acquired the ring of Dogoxoa {rF++ Str+3 Dex+6}
 27099 | Lair:6   | Entered Level 6 of the Lair of Beasts
 27670 | Lair:6   | Reached skill level 14 in Spellcasting
 28672 | Lair:6   | Gained mutation: Your tail ends in a poisonous barb. [Green
                  | Draconian growth]
 28672 | Lair:6   | Reached XP level 14. HP: 103/103 MP: 21/32
 28689 | Lair:6   | Gained mutation: Your body sometimes deteriorates upon
                  | taking damage. [potion of mutation]
 28689 | Lair:6   | Gained mutation: You passively map a small area around you.
                  | [potion of mutation]
 28689 | Lair:6   | Gained mutation: You possess an exceptional clarity of
                  | mind. [potion of mutation]
 28959 | Lair:6   | Reached skill level 5 in Fire Magic
 29192 | Lair:6   | Found a viscous altar of Jiyva.
 29192 | Lair:6   | Found a staircase to the Slime Pits.
 29294 | Lair:6   | Found a large runed translucent door.
 29924 | Lair:6   | Found a large runed translucent door.
 30607 | Orc:1    | Entered Level 1 of the Orcish Mines
 30607 | Orc:1    | Found Fifobooth's Distillery.
 30607 | Orc:1    | Noticed Erica
 30615 | Orc:1    | Killed Erica
 30634 | Orc:1    | Offered knowledge of Irradiate by Vehumet.
 30772 | D:10     | Learned a level 5 spell: Irradiate
 30787 | D:10     | HP: 4/103 [troll (4)]
 31522 | Orc:1    | Found Jatelal's Book Shop.
 31622 | Orc:1    | Found a runed translucent gate.
 31622 | Orc:1    | Found a runed translucent gate.
 31623 | Orc:1    | Found a runed translucent gate.
 31623 | Orc:1    | Found an opulent altar of Gozag.
 31629 | Orc:1    | Noticed Cheops's ghost (journeyman HOFi)
 31739 | Orc:1    | Noticed Snorg
 31744 | Orc:1    | Killed Snorg
 32326 | Orc:1    | Bought a potion of heal wounds for 70 gold pieces
 32326 | Orc:1    | Bought a potion of mutation for 112 gold pieces
 32326 | Orc:1    | Bought a potion of curing for 42 gold pieces
 32326 | Orc:1    | Bought 2 potions of brilliance for 112 gold pieces
 32326 | Orc:1    | Bought a potion of stabbing for 56 gold pieces
 32326 | Orc:1    | Bought 2 potions of curing for 84 gold pieces
 32326 | Orc:1    | Bought a potion of heal wounds for 70 gold pieces
 32326 | Orc:1    | Bought a potion of brilliance for 56 gold pieces
 32326 | Orc:1    | Bought a potion of flight for 42 gold pieces
 32326 | Orc:1    | Bought a potion of resistance for 140 gold pieces
 32326 | Orc:1    | Bought a potion of flight for 42 gold pieces
 32357 | Orc:1    | Killed Cheops's ghost
 32517 | Orc:2    | Entered Level 2 of the Orcish Mines
 32517 | Orc:2    | Noticed a stone giant
 32819 | Orc:2    | Killed a stone giant
 32822 | Orc:2    | Noticed Maurice
 32905 | Orc:2    | Killed Maurice
 33294 | Orc:2    | Noticed a stone giant
 33297 | Orc:2    | Killed a stone giant
 33502 | Orc:2    | Found a roughly hewn altar of Beogh.
 33505 | Orc:2    | Found Uqaewame's General Store.
 33767 | Orc:2    | Bought a potion of brilliance for 56 gold pieces
 33767 | Orc:2    | Bought a ration for 70 gold pieces
 34032 | Orc:1    | Bought a book of Clouds for 720 gold pieces
 34473 | Orc:2    | Reached skill level 15 in Spellcasting
 35117 | Orc:2    | Found a roughly hewn altar of Beogh.
 35139 | Orc:2    | Found Elleef's Book Shop.
 35530 | Orc:2    | Found a staircase to the Elven Halls.
 35615 | Orc:2    | Noticed an orc warlord
 35655 | Orc:2    | Killed an orc warlord
 36167 | Orc:2    | Found Arej's Antique Weapon Boutique.
 36168 | Orc:2    | Found a roughly hewn altar of Beogh.
 36169 | Orc:2    | Found Xutanyse's Antique Armour Shop.
 36316 | D:12     | Killed Frances
 36449 | D:12     | Noticed Psyche
 36455 | D:12     | Killed Psyche
 36706 | D:12     | Reached XP level 15. HP: 110/110 MP: 25/34
 36994 | D:13     | Noticed Kirke
 37003 | D:13     | Killed Kirke
 37003 | D:13     | Reached skill level 16 in Spellcasting
 37818 | D:13     | Reached ****** piety under Vehumet
 38303 | D:13     | Found a gate to the Vaults.
 38582 | D:14     | Found Punelali's Armour Emporium.
 38588 | D:14     | Found Qamenuof's Weapon Emporium.
 38667 | D:14     | Found Gypt's Assorted Antiques.
 38721 | D:14     | Offered knowledge of Yara's Violent Unravelling by Vehumet.
 39827 | D:14     | Found Zowuroh's Book Emporium.
 39851 | D:14     | Found Humnoc's Antique Armour Shop.
 39875 | D:15     | Entered Level 15 of the Dungeon
 40356 | D:15     | HP: 8/165 [centaur warrior/arrow (3)]
 40359 | D:15     | Shot with an arrow by a centaur warrior

Illustrated notes

Levels and vault maps discovered:
D:1:      giann_horns, layout_loops_ring
D:2:      layout_rooms, hex_intersection, hangedman_abyss_or_decor_stabs
D:3:      layout_loops_corners, uniq_natasha, uniq_sigmund, uniq_robin
D:4:      layout_layer_cave, lemuel_round_altar, vehumet_statue, first_ration,
          elyvilon_altar_5
D:5:      layout_rooms, lemuel_doored_altar, lemuel_another_geyser,
          uniq_blork_the_orc
D:6:      layout_loops_ring, dancing_weapons_uskayaw, lightli_temple_of_fire,
          kennysheep_mini_moat, minmay_temple_entry_stoned_glass
D:7:      layout_gridville, kb_xom_exploding_sheep, grunt_livestock,
          uniq_menkaure
D:8:      layout_basic, lemuel_mausoleum_altar_kikubaaqudgha,
          nicolae_ru_awakened_eye, lair_entry_dummy, serial_shops, shop,
          serial_curves, eino_curves_02, eino_curves_03, eino_curves_03,
          eino_curves_04
D:9:      layout_basic
D:10:     layout_cave_pools, zombieorc2_lemuel, minivault_20, skrybe_limestone_x
D:11:     minmay_ornate_pinched, layout_basic, serial_shops, shop,
          gauntlet_entry_generic
D:12:     layout_basic, uniq_psyche, uniq_erolcha, uniq_nergalle, uniq_frances
D:13:     layout_loops_corners, david_vaults_5, eino_house_with_fridge,
          uniq_kirke
D:14:     layout_gridville, serial_shops, shop_statue, shop, nicolae_shop_stone,
          nicolae_shop_behind_doors, nicolae_shop_crystal,
          grunt_decor_mini_mirrors
D:15:     grunt_enter_depths_snipers, layout_irregular_city
Temple:   nicolae_temple_figure_eight
Lair:1:   layout_loops_ring, basic_altar, chequers_serial_rivers_large_a,
          infiniplex_staircase_pool_2, grunt_megastairs_2, uniq_maggie
Lair:2:   layout_gridlike, minmay_swamp_entry_worms
Lair:3:   layout_regular_city, minmay_snake_entry_six_corridors, disabler_island
Lair:4:   layout_cave_pods, uniq_josephine
Lair:5:   layout_hall_layers, st_stairs_10, chequers_serial_rivers_micro_d
Lair:6:   cheibrodos_lair_end_hotspot, layout_misc_corridors, slime_altar_1
Orc:1:    layout_caves, serial_shops, nicolae_shop_behind_doors,
          nicolae_shop_temple_entry_statues_fountains, ebering_ghost_gozag,
          uniq_erica, uniq_snorg
Orc:2:    grunt_orc_community_town_hall, layout_caves,
          grunt_orc_community_big_house_1, grunt_orc_community_big_house_1,
          grunt_orc_community_house_1, grunt_orc_community_house_2,
          grunt_orc_community_house_3, grunt_orc_community_house_1,
          sword_in_stone, uniq_maurice

Skill      XL: |  1  2  3  4  5  6  7  8  9 10 11 12 13 14 15 |
---------------+----------------------------------------------+-----
Spellcasting   | 3 4 6 8 11 12 14 15 16 | 16.7
Translocations | 2 5 6 7 8 |  8.2
Conjurations   | 5 7 8 9 10 11 12 | 12.9
Stealth        | 2 3 4 |  4.0
Fighting       | 1 2 3 4 |  4.0
Dodging        | 2 3 4 |  4.7
Throwing       | 1 |  1.2
Evocations     | 1 2 |  2.0
Charms         | 5 6 |  6.1
Fire Magic     | 2 3 4 5 |  5.5
Earth Magic    | 2 4 5 6 7 |  7.2
Ice Magic      | 1 2 |  2.1
Transmutations | |  0.7

Action                   |  1- 3 |  4- 6 |  7- 9 | 10-12 | 13-15 || total
-------------------------+-------+-------+-------+-------+-------++-------
Melee: Unarmed           |    21 |    23 |     7 |       |       ||    51
       Tailslap          |       |       |     2 |     1 |     2 ||     5
       Quarterstaff      |       |       |       |     9 |       ||     9
       Staff             |       |       |       |       |     7 ||     7
 Fire: Hunting sling     |       |       |     7 |       |       ||     7
Throw: Dart              |       |       |     5 |       |     4 ||     9
 Cast: Magic Dart        |    53 |    67 |    82 |   140 |   117 ||   459
       Searing Ray       |     7 |    26 |    70 |   169 |   163 ||   435
       Iskenderun's Myst |       |     1 |    12 |    49 |   104 ||   166
       Iskenderun's Batt |       |       |       |    11 |     5 ||    16
       Bolt of Magma     |       |       |       |    16 |    59 ||    75
       Frozen Ramparts   |       |       |       |    11 |    11 ||    22
       Iron Shot         |       |       |       |    17 |    48 ||    65
       Sticky Flame      |       |       |       |     1 |       ||     1
       Blink             |       |       |       |     6 |    10 ||    16
       Fireball          |       |       |       |       |   112 ||   112
       Irradiate         |       |       |       |       |    23 ||    23
 Abil: Breathe Noxious F |       |       |     1 |       |       ||     1
Evoke: Wand              |       |       |     5 |     8 |    15 ||    28
  Use: Scroll            |     4 |     4 |     9 |    13 |    20 ||    50
       Potion            |       |     4 |     5 |     4 |    11 ||    24
  Eat: Chunk             |     3 |    10 |    12 |    21 |    31 ||    77
       Ration            |       |       |     3 |     8 |    16 ||    27
Armor: Skin              |     7 |    17 |    33 |   117 |   148 ||   322
Dodge: Dodged            |    28 |    45 |    73 |   256 |   304 ||   706
